 Dungeon Crawl Stone Soup version 0.28-a0-194-g42b4daccc1 (webtiles) character file.

Game seed: 16940849426381399902

6576 bande the Cruncher (level 11, -2/67 HPs)
             Began as a Gargoyle Fighter on Aug 18, 2021.
             Was a High Priest of Okawaru.
             Slain by a blink frog (11 damage)
             ... on level 1 of the Lair of Beasts.
             The game lasted 00:14:07 (8119 turns).

bande the Cruncher (Gargoyle Fighter)               Turns: 8119, Time: 00:14:08

Health: -2/67      AC: 32    Str: 23    XL:     11   Next: 1%
Magic:  15/15      EV:  7    Int:  8    God:    Okawaru [*****.]
Gold:   420        SH:  0    Dex: 10    Spells: 10/10 levels left

rFire   + . .      SeeInvis .   g - +10 lajatang of Melee {flame, rPois}
rCold   + . .      Faith    .   (shield currently unavailable)
rNeg    + . .      Spirit   .   C - +7 plate armour of the Untouchables {Will++}
rPois   ∞          Reflect  .   (no helmet)
rElec   +          Harm     .   A - scarf {rC+ rF+}
rCorr   .          Rampage  .   (no gloves)
Will    ++...                   (no boots)
Stlth   ..........              (no amulet)
HPRegen 0.21/turn               d - +4 ring of protection
MPRegen 0.14/turn               (no ring)

@: no status effects
A: sickness immunity, AC +8, negative energy resistance 1, electricity
resistance, torment resistance 1, petrification resistance
a: Renounce Religion, Heroism, Finesse, Duel


You were on level 1 of the Lair of Beasts.
You worshipped Okawaru.
Okawaru was extremely pleased with you.
You visited 3 branches of the dungeon, and saw 10 of its levels.

You collected 420 gold pieces.

Inventory:

Hand Weapons
 a - a +1 war axe
 g - the +10 lajatang of Melee (weapon) {flame, rPois}
   (You acquired it on level 2 of the Dungeon)

   It burns those it strikes, dealing additional fire damage.
   Big, fiery blades are also staple armaments of hydra-hunters.
   rPois:     It protects you from poison.
 j - a +2 vorpal hand axe
 m - a +0 flail
Missiles
 o - 2 throwing nets (quivered)
Armour
 c - a +1 kite shield
 k - a +0 tower shield
 y - a +3 scale mail of fire resistance
 A - a scarf of resistance (worn)
 C - the +7 plate armour of the Untouchables (worn) {Will++}
   (You found it on level 7 of the Dungeon)

   Will:      It greatly increases your willpower.
Jewellery
 d - a +4 ring of protection (left hand)
 h - an amulet of magic regeneration
 s - a ring of fire
Wands
 b - a wand of acid (19)
 t - a wand of flame (23)
 x - a wand of digging (5)
 D - a wand of iceblast (19)
Scrolls
 f - 2 scrolls of enchant armour
 i - 2 scrolls of teleportation
 l - 2 scrolls of fog
 p - a scroll of amnesia
 q - 2 scrolls of fear
Potions
 n - a potion of berserk rage
 r - a potion of cancellation
 u - a potion of heal wounds
 v - a potion of brilliance
 w - a potion of invisibility


   Skills:
 + Level 7.0 Fighting
 + Level 2.6 Axes
 + Level 10.3 Staves
 + Level 8.0 Armour
 + Level 2.5 Dodging
 + Level 3.7 Shields
 * Level 6.0 Invocations
 * Level 5.1 Evocations


You had 10 spell levels left.
You didn't know any spells.
Your spell library contained the following spells:

 Spells                   Type           Power      Damage    Failure   Level
 Foxfire                  Conj/Fire      0%         2x1d4     99%         1
 Pain                     Necr           0%         1d4       99%         1
 Conjure Flame            Conj/Fire      0%         6-21      100%        3
 Frozen Ramparts          Ice            0%         1d2       100%        3
 Inner Flame              Hex/Fire       0%         N/A       100%        3
 Ozocubu's Armour         Ice            0%         N/A       100%        3
 Vampiric Draining        Necr           0%         2d6       100%        3
 Ice Form                 Ice/Tmut       0%         N/A       100%        4
 Blade Hands              Tmut           0%         N/A       100%        5
 Iron Shot                Conj/Erth      0%         9d1       100%        6
 Ozocubu's Refrigeration  Ice            0%         4d5       100%        7
 Animate Skeleton         Necr           Unusable   N/A       N/A         1
 Animate Armour           Summ/Erth      Unusable   N/A       N/A         4
 Summon Ice Beast         Ice/Summ       Unusable   N/A       N/A         4

Dungeon Overview and Level Annotations

Branches:
Dungeon (8/15)             Temple (1/1) D:4            Lair (1/6) D:8

Altars:
Cheibriados
Dithmenos
Elyvilon
Fedhas
Gozag
Nemelex Xobeh
Okawaru
Ru
Sif Muna
Trog
Vehumet
Wu Jian
Zin
The Shining One

Shops:
D:6 [


Innate Abilities, Weirdness & Mutations

You are immune to sickness and miasma.
Your stone body is resilient. (AC +8)
You are immune to poison.
You resist negative energy. (rN+)
You are resistant to electric shocks. (rElec)
You are resistant to unholy torment.
You are immune to petrification.


Message History

You slash the blink frog! You burn the blink frog.
The blink frog is heavily wounded.
The blink frog blinks!
The blink frog hits you but does no damage.
The blink frog barely misses you.
The blink frog hits you but does no damage.
The blink frog blinks!
The blink frog hits you.
The blink frog blinks! x2
The blink frog barely misses you.
Unknown command.
The blink frog blinks!
The blink frog hits you but does no damage.
The blink frog blinks!
The blink frog hits you.
You see here a yak corpse.
The blink frog blinks! x2
Things that are here:
a yak corpse; a yak corpse; a yak corpse The blink frog blinks!
The blink frog hits you but does no damage.
The blink frog blinks!
You see here 3 boomerangs of dispersal.
You closely miss the blink frog.
The blink frog hits you but does no damage. x2
You barely miss the blink frog. The blink frog hits you.
The blink frog hits you but does no damage.
You miss the blink frog.
The blink frog hits you but does no damage.
The blink frog blinks!
The blink frog closely misses you.
You closely miss the blink frog. The blink frog hits you!
The blink frog hits you but does no damage.
The blink frog barely misses you.
The blink frog blinks! x2
The blink frog hits you but does no damage.
The blink frog hits you!
The blink frog blinks!
You barely miss the blink frog. The blink frog hits you!
* * * LOW HITPOINT WARNING * * *
The blink frog hits you but does no damage.
You closely miss the blink frog.
The blink frog hits you but does no damage.
The blink frog hits you!
You die...

# ..).........#.# ### #
.............# ..##.#
..........###
....###.........###
......(.........## ##
.........##......####.#
##...... ##P.....P#.##
...#.. ###.F.§....# .P#
. #.#@F!#..# ###
####F....# #..#P##
#..### #.....#
....$....# ...F..##...#
...F.# ###..# ..... ###


You could see 3 blink frogs.

Vanquished Creatures
  2 two-headed ogres
  Pikel (D:6)
  A cane toad (Lair:1)
  A komodo dragon (D:8)
  A rime drake (Lair:1)
  A hornet (D:7)
  A wyvern (D:7)
  5 yaks (Lair:1)
  A steam dragon (D:8)
  2 water moccasins
  2 ice beasts (D:5)
  2 black bears (D:6)
  2 ogres
  3 orc warriors
  A centaur (D:8)
  2 necrophages
  A lemure (D:6)
  5 bullfrogs
  Blork the orc (D:4)
  3 scorpions
  A wyvern skeleton (D:6)
  2 howler monkeys
  6 orc priests
  6 hounds
  3 jellies
  3 iguanas
  9 orc wizards
  A hound zombie (D:5)
  A hound skeleton (D:4)
  3 gnolls (D:4)
  8 adders
  A white imp (D:8)
  An ufetubus (D:6)
  An adder skeleton (D:4)
  2 dart slugs
  2 worms
  29 orcs
  5 ball pythons
  5 endoplasms
  2 giant cockroaches
  6 goblins
  7 hobgoblins
  3 jackals (D:1)
  2 bats (D:1)
  A frilled lizard (D:2)
  6 kobolds
  4 rats
158 creatures vanquished.

Vanquished Creatures (others)
  10 plants (D:8)
10 creatures vanquished.

Grand Total: 168 creatures vanquished

Notes
Turn   | Place    | Note
-------+----------+-------------------------------------------
     0 | D:1      | bande the Gargoyle Fighter began the quest for the Orb.
     0 | D:1      | Reached XP level 1. HP: 14/14 MP: 1/1
   510 | D:1      | Reached XP level 2. HP: 19/19 MP: 2/2
  1238 | D:2      | Identified a scroll of acquirement
  1238 | D:2      | Acquired the +10 lajatang of Melee {flame, rPois}
  1346 | D:2      | Reached XP level 3. HP: 22/23 MP: 3/3
  2132 | D:3      | Reached XP level 4. HP: 25/28 MP: 4/4
  2150 | D:3      | Reached skill level 1 in Staves
  2176 | D:3      | Reached XP level 5. HP: 20/33 MP: 5/5
  2341 | D:3      | Found a faded altar of an unknown god.
  2661 | D:4      | Reached skill level 2 in Staves
  2678 | D:4      | Noticed an ogre
  2759 | D:4      | Killed an ogre
  2760 | D:4      | Reached skill level 3 in Staves
  2760 | D:4      | Reached XP level 6. HP: 11/38 MP: 6/6
  3234 | D:4      | Noticed Blork the orc
  3240 | D:4      | Killed Blork the orc
  3241 | D:4      | Reached skill level 1 in Dodging
  3254 | D:4      | Reached skill level 4 in Staves
  3385 | D:4      | Reached XP level 7. HP: 42/43 MP: 7/7
  3965 | D:4      | Found a staircase to the Ecumenical Temple.
  3974 | Temple   | Entered the Ecumenical Temple
  3988 | Temple   | Became a worshipper of Warmaster Okawaru
  4112 | D:4      | Found a glowing silver altar of Zin.
  4269 | D:5      | Entered Level 5 of the Dungeon
  4312 | D:5      | Reached skill level 5 in Armour
  4345 | D:5      | Reached skill level 5 in Staves
  4706 | D:5      | Reached * piety under Okawaru
  4707 | D:5      | Reached XP level 8. HP: 38/48 MP: 8/8
  4800 | D:5      | Reached skill level 6 in Staves
  4890 | D:5      | Reached skill level 5 in Fighting
  4890 | D:5      | Reached skill level 1 in Invocations
  4890 | D:5      | Reached skill level 1 in Evocations
  5159 | D:6      | Reached ** piety under Okawaru
  5334 | D:6      | Reached skill level 7 in Staves
  5551 | D:7      | Noticed a hornet
  5562 | D:7      | Killed a hornet
  5563 | D:7      | Reached XP level 9. HP: 49/54 MP: 9/11
  5669 | D:6      | Found Ruux's Armour Shop.
  5810 | D:7      | Noticed a two-headed ogre
  5816 | D:7      | Noticed Pikel
  5837 | D:6      | Reached skill level 8 in Staves
  5973 | D:6      | Killed a two-headed ogre
  5973 | D:6      | Reached *** piety under Okawaru
  6166 | D:6      | Killed Pikel
  6166 | D:6      | Reached **** piety under Okawaru
  6167 | D:6      | Reached skill level 9 in Staves
  6167 | D:6      | Reached XP level 10. HP: 17/60 MP: 13/13
  6573 | D:7      | Found a blossoming altar of Fedhas.
  6597 | D:7      | Identified the +7 plate armour of the Untouchables {Will++}
  6914 | D:8      | Found a snail-covered altar of Cheibriados.
  6915 | D:8      | Found a sacrificial altar of Ru.
  6915 | D:8      | Found a white marble altar of Elyvilon.
  6916 | D:8      | Found a bloodstained altar of Trog.
  6986 | D:8      | Reached skill level 5 in Invocations
  7079 | D:8      | Found a staircase to the Lair.
  7436 | D:8      | Noticed a two-headed ogre
  7444 | D:8      | Killed a two-headed ogre
  7616 | Lair:1   | Entered Level 1 of the Lair of Beasts
  7628 | Lair:1   | Reached skill level 10 in Staves
  7954 | Lair:1   | Noticed a cane toad
  7957 | Lair:1   | Killed a cane toad
  7961 | Lair:1   | Reached ***** piety under Okawaru
  8099 | Lair:1   | Reached skill level 5 in Evocations
  8100 | Lair:1   | Received a gift from Okawaru
  8105 | Lair:1   | Reached XP level 11. HP: 57/67 MP: 15/15
  8119 | Lair:1   | Slain by a blink frog

Illustrated notes

Levels and vault maps discovered:
D:1:      amcnicky_arrival_blooded_trapdoor, layout_loops_corners, serial_glass,
          glass_columns_c, glass_columns_c, minmay_stone_trees_small
D:2:      layout_basic, serial_aquarium, aquarium_bridge_straight
          [aquarium_subvault_bridge, aquarium_subvault_balcony,
          aquarium_subvault_bridge, aquarium_subvault_wall],
          aquarium_bridge_square [aquarium_subvault_window,
          aquarium_subvault_bridge, aquarium_subvault_bridge,
          aquarium_subvault_bridge], aquarium_window_2, aquarium_window_1,
          aquarium_window_corridor_1, aquarium_view_2c, aquarium_view_2a
D:3:      layout_rooms, shapermc_ecumenical_altar_petra, minmay_misc_feat_tiny,
          feat_on_display
D:4:      layout_layer_cave, zin_scriptorium, lemuel_temple_firewalk_a,
          st_stairs_13, uniq_blork_the_orc
D:5:      layout_basic
D:6:      layout_basic, serial_shops, nicolae_shop_waterfront
D:7:      layout_cave_pools, lemuel_doored_altar, uniq_pikel
D:8:      layout_basic, chequers_temple_overflow_statue_of_worship,
          david_lair_shrubbed
Temple:   eino_wide_crystal_templ
Lair:1:   layout_layer_cave, ebering_ghost_disaster_area

Skill      XL: |  1  2  3  4  5  6  7  8  9 10 |
---------------+-------------------------------+-----
Axes           | 2 |  2.6
Staves         | 1 3 4 5 7 9 10 | 10.3
Armour         | 4 5 6 7 8 |  8.0
Fighting       | 4 5 6 7 |  7.0
Dodging        | 1 2 |  2.5
Invocations    | 2 4 6 |  6.0
Evocations     | 2 3 5 |  5.1
Shields        | |  3.7

Action                   |  1- 3 |  4- 6 |  7- 9 | 10-12 || total
-------------------------+-------+-------+-------+-------++-------
Melee: War axe           |    56 |       |       |       ||    56
       Lajatang          |    36 |    64 |   138 |    98 ||   336
  Use: Scroll            |     4 |       |       |    11 ||    15
       Potion            |       |     2 |       |       ||     2
Armor: Scale mail        |    59 |    50 |   120 |    13 ||   242
       Plate armour      |       |       |       |    93 ||    93
Dodge: Dodged            |    36 |    30 |   100 |    47 ||   213
Block: Kite shield       |    23 |       |       |       ||    23

Table legend: (Time is in decaauts)
 A = Elapsed time spent in this place.
 B = Non-inter-level travel time spent in this place.
 C = Inter-level travel time spent in this place.
 D = Time resting spent in this place.
 E = Time spent auto-exploring this place.
 F = Levels seen in this place.
 G = Mean time per level.
                   A        B        C        D        E       F      G
               +--------+--------+--------+--------+--------+-----+--------+
         Total |   8195 |   7990 |    205 |   1496 |   5189 |  10 |  819.5 |
       Dungeon |   7664 |   7459 |    205 |   1208 |   5037 |   8 |  958.0 |
        Temple |     30 |     30 |      0 |      0 |      8 |   1 |   30.0 |
          Lair |    499 |    499 |      0 |    288 |    144 |   1 |  499.0 |
               +--------+--------+--------+--------+--------+-----+--------+

Top non-repeatable levels by time:
     D:4: 1520 daAuts
     D:1: 1269 daAuts
     D:6: 1205 daAuts
     D:2: 887 daAuts
     D:5: 887 daAuts
     D:8: 803 daAuts
     D:3: 632 daAuts
  Lair:1: 499 daAuts
     D:7: 459 daAuts
  Temple: 30 daAuts
